MWL (24 & UNDER)
GRIM REAPERS @ MINNESOTA DEATH STARS
08/17/2029
 
TOP OF THE 1ST
Grim Reapers batting - Pitching for Minnesota Death Stars : LHP Ernest Hutchinson
Pitching: LHP Ernest Hutchinson
Batting: RHB Jesús Pérez 0-0: Ball
1-0: Called Strike
1-1: Swinging Strike
1-2: Strikes out swinging
Batting: RHB Luis López 0-0: Ball
1-0: Swinging Strike
1-1: Foul Ball, location: 2F
1-2: Foul Ball, location: 2F
1-2: Ball
2-2: Ball
3-2: Foul Ball, location: 2F
3-2: Base on Balls
Batting: RHB Justin Geoghegan 0-0: Ball
1-0: Ball
2-0: Called Strike
2-1: DOUBLE (Groundball, 5L)
Luis López to third
Runner from 3rd tries for Home, SAFE, no throw
Batting: RHB Joel Hebert 0-0: Ball
1-0: Called Strike
1-1: Ball
2-1: Ball
3-1: Called Strike
3-2: Fly out, F8 (Flyball, 8RS)
Batting: SHB Sean Moody 0-0: Ball
1-0: Called Strike
1-1: Swinging Strike
1-2: Ball
2-2: Foul Ball, location: 2F
2-2: Foul Ball, location: 2F
2-2: Ball
3-2: Strikes out looking
Top of the 1st over - 1 run, 1 hit, 0 errors, 1 left on base; Grim 1 - Minnesota 0
BOTTOM OF THE 1ST
Minnesota Death Stars batting - Pitching for Grim Reapers : LHP Miguel Meneces
Pitching: LHP Miguel Meneces
Batting: LHB Júlio Córdova 0-0: Foul Ball, location: 2F
0-1: Ball
1-1: Fly out, F8 (Line Drive, 8LM)
Batting: LHB Gonzalo Gálvez 0-0: Called Strike
0-1: Ground out 4-3 (Groundball, 4)
Batting: RHB Manuel Cintrón 0-0: Swinging Strike
0-1: Ball
1-1: Ground out U3 (Groundball, 23)
Bottom of the 1st over - 0 runs, 0 hits, 0 errors, 0 left on base; Grim 1 - Minnesota 0
TOP OF THE 2ND
Grim Reapers batting - Pitching for Minnesota Death Stars : LHP Ernest Hutchinson
Batting: RHB Roberto Villela 0-0: Ball
1-0: Ball
2-0: Ball
3-0: Base on Balls
Batting: LHB Marcos Fontanez 0-0: Ball
1-0: Swinging Strike
1-1: Foul Ball, location: 2F
1-2: Strikes out swinging
Batting: RHB Juan Ortega 0-0: Foul Ball, location: 2F
0-1: Called Strike
0-2: Ball
1-2: Fly out, F9 (Flyball, 9LMF)
Batting: SHB Frank Grant 0-0: Ball
1-0: Foul Ball, location: 2F
1-1: Swinging Strike
1-2: Strikes out swinging
Top of the 2nd over - 0 runs, 0 hits, 0 errors, 1 left on base; Grim 1 - Minnesota 0
BOTTOM OF THE 2ND
Minnesota Death Stars batting - Pitching for Grim Reapers : LHP Miguel Meneces
Batting: RHB Brad Ravenshaw 0-0: Ball
1-0: Ball
2-0: Ball
3-0: Base on Balls
Batting: LHB Jamie Walker 0-0: Ball
1-0: SINGLE (Line Drive, 4MD)
Brad Ravenshaw to second
Batting: RHB Donny Boykins 0-0: Ball
1-0: Ball
2-0: Ball
3-0: Base on Balls
Brad Ravenshaw to third
Jamie Walker to second
Batting: RHB José Rosales 0-0: Ball
1-0: Foul Ball, location: 2F
1-1: Fly out, F7 (Line Drive, 7)
Runner from 3rd tags up, SCORES, throw made
Batting: LHB Chris Henry 0-0: Called Strike
0-1: Ball
1-1: Called Strike
1-2: Foul Ball, location: 2F
1-2: Ball
2-2: Foul Ball, location: 2F
2-2: Ball
3-2: Strikes out swinging
Batting: RHB Chris Osborn 0-0: Called Strike
0-1: Ball
1-1: Foul Ball, location: 2F
1-2: Strikes out swinging
Bottom of the 2nd over - 1 run, 1 hit, 0 errors, 2 left on base; Grim 1 - Minnesota 1
TOP OF THE 3RD
Grim Reapers batting - Pitching for Minnesota Death Stars : LHP Ernest Hutchinson
Batting: RHB Jesús Pérez 0-0: Called Strike
0-1: Ball
1-1: Ball
2-1: Ball
3-1: Foul Ball, location: 2F
3-2: Base on Balls
Batting: RHB Luis López 0-0: Ball
1-0: Called Strike
1-1: Foul Ball, location: 2F
1-2: Grounds into double play, 6-4-3 (Groundball, 6)
Batting: RHB Justin Geoghegan 0-0: Ball
1-0: Ball
2-0: Ball
3-0: Called Strike
3-1: Foul Ball, location: 2F
3-2: Base on Balls
Batting: RHB Joel Hebert 0-0: Ball
1-0: SINGLE (Flyball, 4MD)
Justin Geoghegan to second
Batting: SHB Sean Moody 0-0: Ball
1-0: Foul Ball, location: 2F
1-1: Ground out 4-3 (Groundball, 4)
Top of the 3rd over - 0 runs, 1 hit, 0 errors, 2 left on base; Grim 1 - Minnesota 1
BOTTOM OF THE 3RD
Minnesota Death Stars batting - Pitching for Grim Reapers : LHP Miguel Meneces
Batting: LHB Júlio Córdova 0-0: Called Strike
0-1: Ground out U3 (Groundball, 3L)
Batting: LHB Gonzalo Gálvez 0-0: Called Strike
0-1: Foul Ball, location: 2F
0-2: DOUBLE (Flyball, 7D)
Batting: RHB Manuel Cintrón 0-0: Swinging Strike
0-1: Foul Ball, location: 2F
0-2: Ball
1-2: Ball
2-2: Foul Ball, location: 2F
2-2: Strikes out swinging
Batting: RHB Brad Ravenshaw 0-0: Foul Ball, location: 2F
0-1: Fly out, F4 (Line Drive, 4)
Bottom of the 3rd over - 0 runs, 1 hit, 0 errors, 1 left on base; Grim 1 - Minnesota 1
TOP OF THE 4TH
Grim Reapers batting - Pitching for Minnesota Death Stars : LHP Ernest Hutchinson
Batting: RHB Roberto Villela 0-0: Ball
1-0: Called Strike
1-1: Foul Ball, location: 2F
1-2: Strikes out swinging
Batting: LHB Marcos Fontanez 0-0: Called Strike
0-1: Ball
1-1: Foul Ball, location: 2F
1-2: Strikes out swinging
Batting: RHB Juan Ortega 0-0: Ball
1-0: Ball
2-0: Called Strike
2-1: Ball
3-1: Called Strike
3-2: Base on Balls
Batting: SHB Frank Grant 0-0: Ball
1-0: Called Strike
1-1: Ball
2-1: Foul Ball, location: 2F
2-2: Strikes out swinging
Top of the 4th over - 0 runs, 0 hits, 0 errors, 1 left on base; Grim 1 - Minnesota 1
BOTTOM OF THE 4TH
Minnesota Death Stars batting - Pitching for Grim Reapers : LHP Miguel Meneces
Batting: LHB Jamie Walker 0-0: Called Strike
0-1: Foul Ball, location: 2F
0-2: Ball
1-2: Ball
2-2: Strikes out swinging
Batting: RHB Donny Boykins 0-0: SINGLE (Groundball, 4MD)
Batting: RHB José Rosales 0-0: Ball
1-0: Called Strike
1-1: SINGLE (Groundball, 6MD)
Donny Boykins to second
Batting: LHB Chris Henry 0-0: Ground out 3-1 (Groundball, 3S)
Donny Boykins to third
José Rosales to second
Batting: RHB Chris Osborn 0-0: SINGLE (Groundball, 6) (infield hit)
Donny Boykins scores
José Rosales to third
Batting: LHB Júlio Córdova 0-0: Ball
1-0: Fly out, F8 (Flyball, 8RM)
Bottom of the 4th over - 1 run, 3 hits, 0 errors, 2 left on base; Grim 1 - Minnesota 2
TOP OF THE 5TH
Grim Reapers batting - Pitching for Minnesota Death Stars : LHP Ernest Hutchinson
Batting: RHB Jesús Pérez 0-0: Ball
1-0: Ball
2-0: Ball
3-0: Base on Balls
Batting: RHB Luis López 0-0: Called Strike
0-1: Grounds into double play, 5-4-3 (Groundball, 56)
Batting: RHB Justin Geoghegan 0-0: SINGLE (Groundball, 56D)
Batting: RHB Joel Hebert 0-0: Ball
1-0: Ground out 5-3 (Groundball, 56S)
Top of the 5th over - 0 runs, 1 hit, 0 errors, 1 left on base; Grim 1 - Minnesota 2
BOTTOM OF THE 5TH
Minnesota Death Stars batting - Pitching for Grim Reapers : LHP Miguel Meneces
Batting: LHB Gonzalo Gálvez 0-0: Ball
1-0: Ball
2-0: Swinging Strike
2-1: Foul Ball, location: 2F
2-2: Foul Ball, location: 2F
2-2: Strikes out looking
Batting: RHB Manuel Cintrón 0-0: Ground out 5-3 (Groundball, 56)
Batting: RHB Brad Ravenshaw 0-0: Ball
1-0: Ball
2-0: Ball
3-0: Base on Balls
Batting: LHB Jamie Walker 0-0: Fly out, F8 (Flyball, 8RM)
Bottom of the 5th over - 0 runs, 0 hits, 0 errors, 1 left on base; Grim 1 - Minnesota 2
TOP OF THE 6TH
Grim Reapers batting - Pitching for Minnesota Death Stars : LHP Ernest Hutchinson
Pitching: RHP Carlos Contreras
Batting: SHB Sean Moody 0-0: Ball
1-0: Fly out, F8 (Flyball, 78M)
Batting: RHB Roberto Villela 0-0: Ball
1-0: Ball
2-0: Called Strike
2-1: Called Strike
2-2: Strikes out swinging
Batting: LHB Marcos Fontanez 0-0: Swinging Strike
0-1: Called Strike
0-2: Ball
1-2: Strikes out swinging
Top of the 6th over - 0 runs, 0 hits, 0 errors, 0 left on base; Grim 1 - Minnesota 2
BOTTOM OF THE 6TH
Minnesota Death Stars batting - Pitching for Grim Reapers : LHP Miguel Meneces
Batting: RHB Donny Boykins 0-0: Foul Ball, location: 2F
0-1: Foul Ball, location: 2F
0-2: Ball
1-2: Strikes out swinging
Batting: RHB José Rosales 0-0: Called Strike
0-1: Swinging Strike
0-2: Ball
1-2: Foul Ball, location: 2F
1-2: Strikes out looking
Batting: LHB Chris Henry 0-0: Foul Ball, location: 2F
0-1: Called Strike
0-2: Foul Ball, location: 2F
0-2: Ball
1-2: Ball
2-2: Foul Ball, location: 2F
2-2: SINGLE (Groundball, 34D)
Batting: RHB Chris Osborn 0-0: Ball
1-0: Called Strike
1-1: Called Strike
1-2: Strikes out swinging
Bottom of the 6th over - 0 runs, 1 hit, 0 errors, 1 left on base; Grim 1 - Minnesota 2
TOP OF THE 7TH
Grim Reapers batting - Pitching for Minnesota Death Stars : RHP Carlos Contreras
Batting: RHB Juan Ortega 0-0: Ball
1-0: Foul Ball, location: 2F
1-1: DOUBLE (Line Drive, 89D)
Batting: SHB Frank Grant 0-0: Ball
Wild Pitch!
Juan Ortega to third
1-0: Ball
2-0: Ball
3-0: Called Strike
3-1: Foul Ball, location: 2F
3-2: SINGLE (Groundball, 56D)
Juan Ortega scores
Pinch Hitting: RHB Esteban Concepción 0-0: Ball
1-0: Ball
2-0: Ball
3-0: Base on Balls
Frank Grant to second
Batting: RHB Luis López 0-0: SINGLE (Line Drive, 89M)
Frank Grant to third
Esteban Concepción to second
Batting: RHB Justin Geoghegan 0-0: Ball
Wild Pitch!
Frank Grant scores
Esteban Concepción to third
Luis López to second
1-0: Intentional Walk
Pitching: RHP Alfredo Cabral
Batting: RHB Joel Hebert 0-0: Foul Ball, location: 2F
0-1: Ball
1-1: Fly out, F8 (Flyball, 8LD)
Runner from 3rd tags up, SCORES, throw made
Batting: SHB Sean Moody 0-0: Called Strike
0-1: Swinging Strike
0-2: Strikes out swinging
Batting: RHB Roberto Villela 0-0: Called Strike
0-1: Foul Ball, location: 2F
0-2: Strikes out swinging
Top of the 7th over - 3 runs, 3 hits, 0 errors, 2 left on base; Grim 4 - Minnesota 2
BOTTOM OF THE 7TH
Minnesota Death Stars batting - Pitching for Grim Reapers : LHP Miguel Meneces
Now in CF: Pedro López
Batting: LHB Júlio Córdova 0-0: Ground out U3 (Groundball, 3)
Batting: LHB Gonzalo Gálvez 0-0: Ball
1-0: Called Strike
1-1: Fly out, F9 (Flyball, 9)
Batting: RHB Manuel Cintrón 0-0: Called Strike
0-1: Ball
1-1: Ball
2-1: Called Strike
2-2: Strikes out swinging
Bottom of the 7th over - 0 runs, 0 hits, 0 errors, 0 left on base; Grim 4 - Minnesota 2
TOP OF THE 8TH
Grim Reapers batting - Pitching for Minnesota Death Stars : RHP Alfredo Cabral
Batting: LHB Marcos Fontanez 0-0: Swinging Strike
0-1: Ball
1-1: Foul Ball, location: 2F
1-2: Ball
2-2: Fly out, F8 (Flyball, 8RD)
Batting: RHB Juan Ortega 0-0: Ball
1-0: Ball
2-0: Called Strike
2-1: Called Strike
2-2: Foul Ball, location: 2F
2-2: Foul Ball, location: 2F
2-2: Strikes out looking
Batting: SHB Frank Grant 0-0: Called Strike
0-1: Swinging Strike
0-2: Ball
1-2: Ground out 2-3 (Groundball, 15S)
Top of the 8th over - 0 runs, 0 hits, 0 errors, 0 left on base; Grim 4 - Minnesota 2
BOTTOM OF THE 8TH
Minnesota Death Stars batting - Pitching for Grim Reapers : LHP Miguel Meneces
Pitching: RHP Will Brown
Batting: RHB Brad Ravenshaw 0-0: Swinging Strike
0-1: Ball
1-1: Ball
2-1: Swinging Strike
2-2: Ball
3-2: Strikes out swinging
Batting: LHB Jamie Walker 0-0: Called Strike
0-1: Swinging Strike
0-2: Strikes out swinging
Pitching: LHP Rodrigo Álvarez
Batting: RHB Donny Boykins 0-0: Called Strike
0-1: Ball
1-1: Called Strike
1-2: Ball
2-2: Strikes out swinging
Bottom of the 8th over - 0 runs, 0 hits, 0 errors, 0 left on base; Grim 4 - Minnesota 2
TOP OF THE 9TH
Grim Reapers batting - Pitching for Minnesota Death Stars : RHP Alfredo Cabral
Batting: RHB Pedro López 0-0: Called Strike
0-1: Fly out, F9 (Flyball, 9D)
Batting: RHB Luis López 0-0: Called Strike
0-1: Ball
1-1: Ball
2-1: Called Strike
2-2: Strikes out swinging
Batting: RHB Justin Geoghegan 0-0: Ball
1-0: Foul Ball, location: 2F
1-1: Foul Ball, location: 2F
1-2: SINGLE (Groundball, 6D)
Batting: RHB Joel Hebert 0-0: Ball
1-0: Ball
2-0: Ball
3-0: Called Strike
3-1: Called Strike
3-2: Base on Balls
Justin Geoghegan to second
Batting: SHB Sean Moody 0-0: Swinging Strike
0-1: Called Strike
0-2: Ball
1-2: Ball
2-2: Fly out, F7 (Flyball, 78D)
Top of the 9th over - 0 runs, 1 hit, 0 errors, 2 left on base; Grim 4 - Minnesota 2
BOTTOM OF THE 9TH
Minnesota Death Stars batting - Pitching for Grim Reapers : LHP Rodrigo Álvarez
Pitching: RHP Paul Turberville
Batting: RHB José Rosales 0-0: Called Strike
0-1: Foul Ball, location: 2F
0-2: Ball
1-2: Foul Ball, location: 2F
1-2: Strikes out swinging
Batting: LHB Chris Henry 0-0: Swinging Strike
0-1: Ball
1-1: Foul Ball, location: 2F
1-2: Ball
2-2: Strikes out swinging
Batting: RHB Chris Osborn 0-0: SINGLE (Groundball, 56D)
Pinch Hitting: LHB Larry Wright 0-0: Ball
1-0: Ball
2-0: Foul Ball, location: 2F
2-1: Ball
3-1: Base on Balls
Chris Osborn to second
Batting: LHB Gonzalo Gálvez 0-0: Ball
1-0: Foul Ball, location: 2F
1-1: Ground out 4-3 (Groundball, 4)
Bottom of the 9th over - 0 runs, 1 hit, 0 errors, 2 left on base; Grim 4 - Minnesota 2
Saturday, December 16th, 2017 - OOTP Baseball 18.8 Build 76